Build Orders - call in panzer and marders - cohdb - Company of Heroes 3 Replays
cohdb
Replays
Latest Replays
All Replays
Popular Replays
Top Player Replays
Match Explorer
How It Works
Community
CoH3 Stats
Reddit
Sign in to upload your games and track your stats! →
Sign in with Steam
call in panzer and marders
Match 13197826
Overview
Messages
Build Orders
End
Kradschützen Motorcycle Team
Panzergrenadier Squad
250 Light Carrier
Construct Light Support Kompanie
Assault Grenadier Squad
Construct Mechanized Kompanie
Panzerjäger Mechanized Group
Marder III Tank Destroyer
MG34 Team
2.5-tonne Medical Truck
Panzerjäger Mechanized Group
Selects Armored Suppot Battlegroup
Selects Superior Fire Drills
Selects Flammpanzer III Medium Tank Sd.Kfz. 141
Flammpanzer III Medium Tank
Marder III Tank Destroyer
254 Reconnaissance Tractor
Selects Command Panzer IV F Medium Tank
Command Panzer IV F Medium Tank
Assault Mechanized Group
Zuntew
SmG
0
0
Comments
sign in to comment!
No comments posted yet!